 Dungeon Crawl Stone Soup version 0.22.0-1-g6561e4c (webtiles) character file.

7227 Loudmushroom the Cleaver (level 10, -3/91 HPs)
             Began as a Minotaur Berserker on Aug 11, 2018.
             Was a High Priest of Trog.
             Slain by an unseen horror (6 damage)
             ... on level 10 of the Dungeon on Aug 12, 2018.
             The game lasted 01:16:11 (11423 turns).

Loudmushroom the Cleaver (Minotaur Berserker)      Turns: 11423, Time: 01:16:12

Health: -3/91      AC: 20    Str: 25    XL:     10   Next: 88%
Magic:  12/12      EV: 12    Int:  7    God:    Trog [*****.]
Gold:   664        SH:  0    Dex: 13    Spells: 9/9 levels left

rFire    . . .     SeeInvis .   a - +1 war axe
rCold    . . .     Gourm    .   (no shield)
rNeg     . . .     Faith    +   r - +7 chain mail "Huasillu" {rPois}
rPois    +         Spirit   .   D - +2 hat {Int+3}
rElec    .         Reflect  .   (no cloak)
rCorr    .         Harm     .   (no gloves)
MR       +....                  (no boots)
Stlth    ..........             N - amulet of faith
HPRegen  0.25/turn              m - +3 ring of strength
MPRegen  0.13/turn              g - ring of protection from magic

@: no status effects
A: retaliatory headbutt, horns 2
a: Berserk, Trog's Hand, Brothers in Arms, Renounce Religion


You were on level 10 of the Dungeon.
You worshipped Trog.
Trog was extremely pleased with you.
You were very hungry.

You visited 1 branch of the dungeon, and saw 10 of its levels.

You collected 664 gold pieces.

Inventory:

Hand Weapons
 a - a +1 war axe (weapon)
 b - the +7 hunting sling of Dim Light {flame, rN+}
   (You found it on level 5 of the Dungeon)

   It causes projectiles fired from it to burn those they strike, causing extra
   injury to most foes and up to half again as much damage against particularly
   susceptible opponents.
   It protects you from negative energy.
 p - a +0 blowgun
 C - a +0 hand axe
 E - a +0 dire flail
 J - a +0 morningstar
 Q - a +0 shortbow
 S - a +0 broad axe
 V - a +2 longbow
Missiles
 d - 421 stones
 k - 72 bolts
 x - 126 arrows
 y - 42 poisoned needles
 z - 19 sling bullets
 H - 2 needles of sleeping
 M - 6 tomahawks of returning (quivered)
 P - 6 needles of paralysis
Armour
 n - a +0 chain mail
 r - the +7 chain mail "Huasillu" (worn) {rPois}
   (You found it on level 5 of the Dungeon)

   It protects you from poison.
 D - a +2 hat of intelligence (worn)
 T - +0 steam dragon scales
Jewellery
 g - a ring of protection from magic (right hand)
 m - a +3 ring of strength (left hand)
 A - an uncursed ring of teleportation
 N - an amulet of faith (around neck)
Wands
 u - a wand of flame (50)
 O - a wand of random effects (25)
Scrolls
 e - 5 scrolls of remove curse
 f - 2 scrolls of immolation
 j - 6 scrolls of identify
 s - a scroll of enchant armour
 B - 2 scrolls of teleportation
 I - 2 scrolls of enchant weapon
 K - a scroll of torment {unknown}
Potions
 h - 2 potions of brilliance {unknown}
 i - a potion of haste
 l - 2 potions of berserk rage
 o - a potion of resistance
 q - 2 potions of mutation
 t - 6 potions of curing
 v - 3 potions of cancellation
 w - a potion of ambrosia {unknown}
 F - a potion of magic {unknown}
 G - 3 potions of agility
 L - a potion of lignification {unknown}
 R - a potion of flight {unknown}
 U - 3 potions of degeneration {unknown}
Comestibles
 c - 37 rations


   Skills:
 + Level 9.3 Fighting
 * Level 12.2 Axes
 + Level 8.8 Armour
 + Level 8.0 Dodging
 + Level 5.0 Evocations


You had 9 spell levels left.
You didn't know any spells.
Your spell library contained the following spells:

 Spells                   Type           Power        Failure   Level  Hunger
 Apportation              Tloc           #.....       94%         1    ##.....
 Conjure Flame            Conj/Fire      #.......     100%        3    ####...
 Lightning Bolt           Conj/Air       #.........   100%        5    ######.
 Freezing Cloud           Conj/Ice/Air   #.........   100%        6    #######
 Mephitic Cloud           Conj/Pois/Air  #.......     100%        3    ####...
 Ring of Flames           Chrm/Fire      #.........   100%        7    #######
 Summon Small Mammal      Summ           #...         94%         1    ##.....
 Animate Skeleton         Necr           N/A          94%         1    ##.....
 Shock                    Conj/Air       #...         94%         1    ##.....
 Swiftness                Chrm/Air       #.......     98%         2    ###....
 Airstrike                Air            #.........   100%        4    #####..
 Confusing Touch          Hex            #.....       94%         1    ##.....
 Static Discharge         Conj/Air       #.......     100%        3    ####...
 Poisonous Vapours        Pois/Air       #.....       98%         2    ###....


Dungeon Overview and Level Annotations

Branches:
Dungeon (10/15)            Temple (0/1) D:4            Lair (0/6) D:8
    Orc (0/2) D:9

Altars:
Cheibriados
Dithmenos
Elyvilon
Fedhas
Kikubaaqudgha
Makhleb
Nemelex Xobeh
Okawaru
Qazlal
Sif Muna
Vehumet
Xom
Zin
The Shining One

Annotations:
D:10 2 transporters, Rwicked's ghost, journeyman KoHu


Innate Abilities, Weirdness & Mutations

You reflexively headbutt those who attack you in melee.
You have a pair of horns on your head.


Message History

Something hits you but does no damage. Something hits you but does no damage.
Something hits you.
* * * LOW HITPOINT WARNING * * *
Something hits you but does no damage. Something hits you but does no damage.
There is an open door here.
Something hits you.
* * * LOW HITPOINT WARNING * * *
Something hits you but does no damage. Something hits you!
* * * LOW HITPOINT WARNING * * *
Something hits you but does no damage. Something hits you but does no damage.
Something hits you!
* * * LOW HITPOINT WARNING * * *
Something hits you.
* * * LOW HITPOINT WARNING * * *
Something completely misses you. Something hits you.
You die...

#..#
#####....'.....+
#.## ######.....#
#.# ####'## #.#
#.## #.# #..# #.#
#####'## #+#
#......# ####
#......#
+@.######......#
##......'......###
########......##.
#......'..
#......###
########


There were no monsters in sight!

Vanquished Creatures
  A two-headed ogre (D:9)
  Pikel (D:8)
  A centaur zombie (D:7)
  A komodo dragon (D:8)
  Grinder (D:5)
  5 yaks
  2 steam dragons
  A water moccasin (D:10)
  An orc warrior (D:8)
  3 slaves (D:8)
  4 sky beasts
  A black bear (D:8)
  5 ogres
  A phantom (D:7)
  3 centaurs
  3 big kobolds (D:9)
  Blork the orc (D:5)
  4 bullfrogs
  A gnoll sergeant (D:7)
  13 killer bees
  3 wights (D:9)
  5 howler monkeys
  3 crimson imps
  A quasit (D:7)
  4 hounds
  A jelly (D:6)
  2 centaur skeletons
  10 orc wizards
  4 orc priests
  2 bullfrog skeletons
  An iguana (D:9)
  Terence (D:3)
  4 worker ants
  A killer bee zombie (D:7)
  3 hound skeletons
  A mummy (D:5)
  A worker ant zombie (D:7)
  15 gnolls
  8 adders
  A river rat (D:4)
  6 shadow imps
  An ooze (D:4)
  An adder skeleton (D:4)
  5 worms
  3 leopard geckos
  36 orcs
  A ball python (D:4)
  6 bats
  7 giant cockroaches
  17 goblins
  17 hobgoblins
  15 jackals
  5 quokkas
  6 frilled lizards
  2 jackal skeletons
  21 kobolds
  A leopard gecko skeleton (D:5)
  2 leopard gecko zombies
  A quokka skeleton (D:5)
  5 rats
  2 plants (D:8)
284 creatures vanquished.

Vanquished Creatures (others)
  3 plants (D:8)
3 creatures vanquished.

Grand Total: 287 creatures vanquished

Notes
Turn   | Place    | Note
-------+----------+-------------------------------------------
     0 | D:1      | Loudmushroom the Minotaur Berserker began the quest for the Orb.
     0 | D:1      | Reached XP level 1. HP: 19/19 MP: 0/0
   508 | D:1      | Reached XP level 2. HP: 27/27 MP: 1/1
   515 | D:1      | Reached skill level 4 in Axes
  1320 | D:2      | Reached XP level 3. HP: 32/33 MP: 2/2
  1417 | D:2      | Reached ** piety under Trog
  1739 | D:2      | Found an iron altar of Okawaru.
  1837 | D:2      | Reached XP level 4. HP: 38/40 MP: 3/3
  2088 | D:3      | Noticed Terence
  2100 | D:3      | Killed Terence
  2218 | D:3      | Reached skill level 5 in Axes
  2296 | D:3      | HP: 2/41 [poisoned by an adder]
  2710 | D:3      | Found a white marble altar of Elyvilon.
  2870 | D:3      | Reached XP level 5. HP: 47/47 MP: 4/4
  3197 | D:4      | Noticed an ogre
  3204 | D:4      | Killed an ogre
  3322 | D:4      | Found a staircase to the Ecumenical Temple.
  3397 | D:4      | Reached *** piety under Trog
  3397 | D:4      | Reached XP level 6. HP: 40/55 MP: 5/5
  3737 | D:4      | Found a glowing golden altar of the Shining One.
  3779 | D:4      | Reached skill level 6 in Axes
  4103 | D:4      | Reached skill level 5 in Fighting
  4295 | D:5      | Entered Level 5 of the Dungeon
  4332 | D:5      | Found a snail-covered altar of Cheibriados.
  4363 | D:5      | Found a sparkling altar of Nemelex Xobeh.
  4363 | D:5      | Found a shimmering altar of Xom.
  4547 | D:5      | Noticed a sky beast
  4565 | D:5      | Killed a sky beast
  4736 | D:5      | Got a jewelled chain mail
  4757 | D:5      | Identified the +7 chain mail "Huasillu" {rPois} (You found it on level 5 of the Dungeon)
  4864 | D:5      | Got a polished hunting sling
  4872 | D:5      | Identified the +7 hunting sling of Dim Light {flame, rN+} (You found it on level 5 of the Dungeon)
  4882 | D:5      | Noticed Blork the orc
  4892 | D:5      | Killed Blork the orc
  4892 | D:5      | Reached XP level 7. HP: 61/61 MP: 6/6
  5019 | D:5      | Reached skill level 7 in Axes
  5116 | D:5      | Found an ancient bone altar of Kikubaaqudgha.
  5181 | D:5      | Reached skill level 5 in Armour
  5227 | D:5      | Found a shadowy altar of Dithmenos.
  5466 | D:5      | Reached **** piety under Trog
  5561 | D:5      | Noticed Grinder
  5582 | D:5      | Killed Grinder
  5928 | D:6      | Reached XP level 8. HP: 64/70 MP: 7/7
  6061 | D:6      | Received a gift from Trog
  6061 | D:6      | Reached skill level 8 in Axes
  6109 | D:6      | Reached skill level 5 in Dodging
  6109 | D:6      | Reached skill level 1 in Evocations
  6267 | D:6      | Found a burning altar of Makhleb.
  6495 | D:7      | Reached skill level 9 in Axes
  6701 | D:7      | Reached XP level 9. HP: 79/79 MP: 9/9
  6907 | D:7      | Found a blossoming altar of Fedhas.
  7514 | D:8      | Upgraded the game from 0.22.0 to 0.22.0-1-g6561e4c
  7605 | D:8      | Reached skill level 10 in Axes
  8138 | D:8      | Reached ***** piety under Trog
  8231 | D:8      | Found a staircase to the Lair.
  8232 | D:8      | Noticed a komodo dragon
  8285 | D:8      | Killed a komodo dragon
  8608 | D:8      | Found a glowing silver altar of Zin.
  9089 | D:8      | Noticed Pikel
  9099 | D:8      | Killed Pikel
  9099 | D:8      | Reached skill level 11 in Axes
  9099 | D:8      | Reached XP level 10. HP: 83/89 MP: 10/12
  9344 | D:9      | Found a stormy altar of Qazlal.
  9860 | D:9      | Noticed a two-headed ogre
  9870 | D:9      | Killed a two-headed ogre
 10169 | D:9      | Found a deep blue altar of Sif Muna.
 10224 | D:9      | Found a radiant altar of Vehumet.
 10346 | D:9      | Found a staircase to the Orcish Mines.
 10828 | D:10     | Entered Level 10 of the Dungeon
 10874 | D:9      | Reached skill level 12 in Axes
 10876 | D:9      | Received a gift from Trog
 11028 | D:10     | Reached skill level 5 in Evocations
 11137 | D:10     | Found a transporter.
 11137 | D:10     | Noticed an ice dragon
 11137 | D:10     | Noticed Rwicked's ghost (journeyman KoHu)
 11142 | D:10     | Found a transporter.
 11422 | D:10     | HP: 3/91 [something (5)]
 11423 | D:10     | Slain by an unseen horror

Skill      XL: |  1  2  3  4  5  6  7  8  9 10 |
---------------+-------------------------------+-----
Axes           | 4 5 6 7 9 11 12 | 12.2
Fighting       | 4 5 6 7 8 9 |  9.3
Armour         | 3 4 5 6 7 8 |  8.8
Dodging        | 3 4 5 7 8 |  8.0
Evocations     | 2 4 5 |  5.0

Action                   |  1- 3 |  4- 6 |  7- 9 | 10-12 || total
-------------------------+-------+-------+-------+-------++-------
Melee: Hand axe          |    92 |   157 |   290 |       ||   539
       Headbutt          |     8 |    36 |    65 |    34 ||   143
       War axe           |       |       |    20 |   153 ||   173
 Fire: Hunting sling     |       |       |    85 |    30 ||   115
Throw: Tomahawk          |       |       |     2 |       ||     2
Invok: Berserk           |       |     1 |     2 |     1 ||     4
       Trog's Hand       |       |     1 |     6 |     2 ||     9
  Use: Scroll            |       |     8 |     5 |       ||    13
  Eat: Chunk             |     3 |     7 |    14 |     5 ||    29
       Ration            |       |     1 |     1 |     1 ||     3
Armor: Scale mail        |    23 |    53 |       |       ||    76
       Leather armour    |     3 |       |       |       ||     3
       Chain mail        |       |     5 |   164 |   162 ||   331
Dodge: Dodged            |    53 |    94 |   159 |   119 ||   425
